 Dungeon Crawl Stone Soup version 0.17.0-56-gd8de76c (webtiles) character file.

88 plasmid the Stinger (level 4, -7/33 HPs)
             Began as a Draconian Venom Mage on Dec 4, 2015.
             Mangled by a kobold
             ... wielding a +2 whip of electrocution
              (19 damage)
             ... on level 2 of the Dungeon.
             The game lasted 00:15:06 (1609 turns).

plasmid the Stinger (Draconian Venom Mage)          Turns: 1609, Time: 00:15:07

Health: -7/33      AC:  5    Str: 10    XL:     4   Next: 30%
Magic:  0/7        EV: 12    Int: 17    God:
Gold:   64         SH:  0    Dex: 11    Spells: 2 memorised, 3 levels left

rFire  . . .     SeeInvis .     o - +0 short sword
rCold  . . .     Clarity  .     (armour unavailable)
rNeg   . . .     SustAt   .     (no shield)
rPois  .         Gourm    .     (helmet restricted)
rElec  .         Spirit   .     (no cloak)
rCorr  .         Warding  .     (no gloves)
rMut   .         Stasis   .     (no boots)
MR     .....                    (no amulet)
Stlth  ++........               (no ring)
                                (no ring)

@: not resistant to hostile enchantments, unstealthy
A: unfitting armour, cold-blooded, AC +5
a: no special abilities


You were on level 2 of the Dungeon.
You were not hungry.

You visited 1 branch of the dungeon, and saw 2 of its levels.

You collected 64 gold pieces.

Inventory:

Hand Weapons
 d - a +0 dagger
 h - a +0 club
 l - a +0 spear
 m - a +0 spear
 o - a +0 short sword (weapon)
 u - a +0 whip
Missiles
 c - 138 stones (quivered)
 i - 56 sling bullets
 r - 19 poisoned needles
Armour
 f - a +0 pair of gloves
 v - a +0 large shield
Scrolls
 k - 4 scrolls of identify {unknown}
 w - a scroll of fear {unknown}
Potions
 e - a potion of agility {unknown}
 j - a potion of curing {unknown}
 s - a potion of resistance {unknown}
Books
 a - a Young Poisoner's Handbook

   Spells                             Type                      Level
   a - Sting                          Conjuration/Poison           1
   b - Cure Poison                    Poison                       2
   c - Mephitic Cloud                 Conjuration/Poison/Air       3
   d - Olgreb's Toxic Radiance        Poison                       4
   e - Venom Bolt                     Conjuration/Poison           5
Comestibles
 b - 2 bread rations
 g - 2 chunks of flesh
 n - a slice of pizza
 p - a royal jelly
 q - 2 fruits
 t - a beef jerky


   Skills:
 - Level 1.7 Dodging
 - Level 1.9 Stealth
 - Level 2.0 Spellcasting
 + Level 5.8 Poison Magic


You had 3 spell levels left.
You knew the following spells:

 Your Spells              Type           Power        Failure   Level  Hunger
a - Sting                 Conj/Pois      ##..         10%         1    #......
b - Mephitic Cloud        Conj/Pois/Air  #.......     30%         3    ###....


Dungeon Overview and Level Annotations

Branches:
Dungeon (2/15)

Altars:
Kikubaaqudgha


Innate Abilities, Weirdness & Mutations

Your plain brown scales are hard (AC +5).
Your body does not fit into most forms of armour.
You are cold-blooded and may be slowed by cold attacks.


Message History

The kobold closely misses you.
Casting: Sting
Confirm with . or Enter, or press ? or * to list all spells.
Aiming: Sting
Press: ? - help, Shift-Dir - straight line, f/p - kobold
Aim: a kobold, wielding a whip of electrocution The sting hits the kobold.
The kobold appears unharmed.
The kobold hits you but does no damage.
You are electrocuted!
Ouch! That really hurt!
The kobold barely misses you.
You see here a bubbling puce potion.
Casting: Sting
Confirm with . or Enter, or press ? or * to list all spells.
Aiming: Sting
Press: ? - help, Shift-Dir - straight line, f/p - kobold
Aim: a kobold, wielding a whip of electrocution The sting hits the kobold.
The kobold appears unharmed.
The kobold hits you but does no damage.
You are electrocuted!
Ouch! That really hurt!
You die...

# #...................[.##. #
#(####.###.#############. # #.#
### #.# ## #########.# #.#
..........# #.# .########.## #.#
.# #.!.....# #.# .#
#.####..#######.#
.###.#.........K@..##############
$##....##..####.................)
....#..##..# ###################
.##%..###..# .###.## #..# .# .#
#..# .. .. ...# ## .## ##. ..


You could see a kobold.

Vanquished Creatures
  3 adders (D:2)
  3 gnolls (D:2)
  A giant gecko (D:1)
  2 bat zombies (D:2)
  5 goblins
  5 hobgoblins
  3 bats
  5 kobolds
  A quokka (D:2)
  2 rats
  2 rat zombies (D:2)
  A plant (D:1)
33 creatures vanquished.

Notes
Turn   | Place    | Note
--------------------------------------------------------------
     0 | D:1      | plasmid the Draconian Venom Mage began the quest for the Orb.
     0 | D:1      | Reached XP level 1. HP: 14/14 MP: 3/3
     5 | D:1      | Noticed a formicid
     5 | D:1      | Noticed a vine stalker
     7 | D:1      | Noticed a centaur
     7 | D:1      | Noticed a demigod
     9 | D:1      | Noticed a dwarf
     9 | D:1      | Noticed a gargoyle
    11 | D:1      | Noticed an elf
    11 | D:1      | Noticed a human
    13 | D:1      | Noticed a troll
    15 | D:1      | Noticed an ogre
    17 | D:1      | Noticed a minotaur
    17 | D:1      | Noticed a draconian
    19 | D:1      | Noticed a tengu
    22 | D:1      | Noticed a merfolk
    22 | D:1      | Noticed a vampire
    24 | D:1      | Noticed a ghoul
    24 | D:1      | Noticed a demonspawn
    26 | D:1      | Noticed a felid
    26 | D:1      | Noticed a naga
    28 | D:1      | Noticed a spriggan
    30 | D:1      | Noticed an octopode
   369 | D:1      | Reached XP level 2. HP: 15/20 MP: 0/5
  1035 | D:2      | Reached XP level 3. HP: 18/26 MP: 1/6
  1064 | D:2      | Reached skill level 5 in Poison Magic
  1441 | D:2      | Reached XP level 4. HP: 30/33 MP: 3/7
  1446 | D:2      | Learned a level 3 spell: Mephitic Cloud
  1457 | D:2      | Found an ancient bone altar of Kikubaaqudgha.
  1609 | D:2      | Mangled by a kobold

Action                   |  1- 3 |  4- 6 || total
-------------------------+-------+-------++-------
Melee: Short sword       |   140 |     7 ||   147
 Cast: Sting             |    64 |    11 ||    75
  Use: Scroll            |     1 |       ||     1
  Eat: Chunk             |     2 |     1 ||     3
       Fruit             |     1 |       ||     1
